 Dungeon Crawl Stone Soup version 0.30.0-13-g156ef70053 (webtiles) character file.

Game seed: 8782846380062769672

72635 croobank the Zephyrmancer (level 15, 0/123 HPs)
             Began as a White Draconian Fire Elementalist on May 18, 2023.
             Was a High Priest of Vehumet.
             Slain by a brown ugly thing (7 damage)
             ... on level 14 of the Dungeon.
             The game lasted 01:50:40 (27478 turns).

croobank the Zephyrmancer (DrFE)                   Turns: 27478, Time: 01:50:41

Health: 0/123      AC:  5    Str: 15    XL:     15   Next: 1%
Magic:  2/38       EV: 20    Int: 26    God:    Vehumet [*****.]
Gold:   1739       SH:  5    Dex: 18    Spells: 1/34 levels left

rFire   + . .        J - +1 short sword (speed)
rCold   + . .        (no shield)
rNeg    . . .        (body armour unavailable)
rPois   +            (helmet restricted)
rElec   .            v - +2 cloak {Will+}
rCorr   .            H - +2 pair of gloves of Edyh Qey {rPois Str+2 Dex+3}
SInv    .            m - +1 pair of boots of the Divine God {Contam rPois Str+2 Dex+4}
Will    ++...        G - amulet of reflection
Stlth   +++          Z - ring "Engirroc" {rF+ EV+5 Int+3}
HPRegen 0.40/turn    j - ring of magical power
MPRegen 0.26/turn

%: reflection
@: short of breath, corroded
A: breathe frost, AC +9, unfitting armour, cold resistance 1, cold-blooded
a: Breathe Frost, Renounce Religion


You were on level 14 of the Dungeon.
You worshipped Vehumet.
Vehumet was extremely pleased with you.
You visited 4 branches of the dungeon, and saw 22 of its levels.
You also visited: Gauntlet.

You collected 2207 gold pieces.
You spent 468 gold pieces at shops.

Inventory:

Hand Weapons
 h - a +3 scimitar of flaming
 i - a +3 demon whip of venom
 E - a +2 antimagic demon blade
 J - a +1 short sword of speed (weapon)
 W - the +9 staff of Olgreb {rPois∞}
   (You acquired it on level 10 of the Dungeon)

   It enhances your poison magic.
   It grants immunity to poison.
   It can be activated via the 'a'bility menu to radiate toxic energy, with
   effectiveness depending on Evocations skill.
Missiles
 g - 2 curare-tipped darts
 S - 11 silver javelins
 V - 2 throwing nets
Armour
 m - the +1 pair of boots of the Divine God (worn) {Contam rPois Str+2 Dex+4}
   (You found it in a Gauntlet)

   Str:       It affects your strength (+2).
   Dex:       It affects your dexterity (+4).
   rPois:     It protects you from poison.
   Contam:    It causes magical contamination when unequipped.
 v - a +2 cloak of willpower (worn)
 H - the +2 pair of gloves of Edyh Qey (worn) {rPois Str+2 Dex+3}
   (You found it in a Gauntlet)

   Str:       It affects your strength (+2).
   Dex:       It affects your dexterity (+3).
   rPois:     It protects you from poison.
Magical Staves
 w - the staff of cold "Fouc" {rC+ Dex+7}
   (You found it on level 8 of the Dungeon)

   [staff of cold]

   Base accuracy: +5 Base damage: 5 Base attack delay: 1.2 This weapon's minimum
   attack delay (0.6) is reached at skill level 12.
   Dex:       It affects your dexterity (+7).
   rC:        It protects you from cold.
   It falls into the 'Staves' category.
   It is a one-handed weapon.
 I - a staff of conjuration
Jewellery
 d - a ring of wizardry
 j - a ring of magical power (right hand)
 l - the ring "Ishruck" {rCorr Int+2}
   (You found it in a Gauntlet)

   [ring of resist corrosion]

   Int:       It affects your intelligence (+2).
   rCorr:     It protects you from acid and corrosion.
 p - a ring of fire
 r - a ring of protection from fire
 u - the ring of Vytia {*Corrode rElec rPois Str-4 Int+6 Stlth+}
   (You found it on level 5 of the Dungeon)

   [ring of intelligence]

   Str:       It affects your strength (-4).
   Int:       It affects your intelligence (+6).
   rElec:     It insulates you from electricity.
   rPois:     It protects you from poison.
   *Corrode:  It may corrode you when you take damage.
   Stlth:     It makes you more stealthy.
 A - a ring of positive energy
 G - an amulet of reflection (around neck)
 Q - a +6 ring of intelligence
 Z - the ring "Engirroc" (left hand) {rF+ EV+5 Int+3}
   (You found it on level 11 of the Dungeon)

   [ring of evasion]

   EV:        It affects your evasion (+5).
   Int:       It affects your intelligence (+3).
   rF:        It protects you from fire.
Wands
 x - a wand of iceblast (5)
 B - a wand of paralysis (4)
 F - a wand of flame (22)
 K - a wand of digging (14)
 N - a wand of mindburst (13)
 T - a wand of polymorph (2)
Scrolls
 k - 3 scrolls of immolation
 o - 4 scrolls of teleportation
 y - a scroll of silence
 D - 2 scrolls of poison
 O - 2 scrolls of magic mapping
 P - 3 scrolls of fear
 R - 3 scrolls of identify
 X - a scroll of summoning
 Y - 3 scrolls of vulnerability
Potions
 a - 9 potions of flight
 b - 2 potions of resistance
 c - 6 potions of cancellation
 e - a potion of might {unknown}
 f - 17 potions of curing
 n - 2 potions of haste
 t - 3 potions of attraction
 C - 3 potions of berserk rage
 L - 2 potions of mutation
 U - 2 potions of lignification
Miscellaneous
 M - a piece from Xom's chessboard (15/15)


   Skills:
 + Level 8.8 Fighting
 - Level 5.5 Long Blades
 - Level 5.3 Dodging
 - Level 5.6 Stealth
 + Level 10.4 Spellcasting
 + Level 11.1 Conjurations
 - Level 4.8 Hexes
 + Level 7.3 Fire Magic
 - Level 4.5 Ice Magic
 - Level 11.2 Air Magic
 - Level 10.8 Earth Magic


You had one spell level left.
You knew the following spells:

 Your Spells              Type           Power      Damage    Failure   Level
a - Foxfire               Conj/Fire      100%       2x1d9     1%          1
b - Scorch                Fire           100%       2d9       1%          2
c - Inner Flame           Hex/Fire       45%        N/A       1%          3
d - Searing Ray           Conj           100%       2d8       1%          2
e - Iron Shot             Conj/Erth      31%        9d6       2%          6
f - Frozen Ramparts       Ice            74%        1d12      1%          3
g - Arcjolt               Conj/Air       32%        1d42      1%          5
h - Fulminant Prism       Conj/Hex       26%        3d14      1%          4
i - Ozocubu's Refrigerat  Ice            18%        4d11      78%         7

Your spell library contained the following spells:

 Spells                   Type           Power      Damage    Failure   Level
 Sandblast                Erth           100%       2d20      1%          1
 Slow                     Hex            100%       N/A       1%          1
 Apportation              Tloc           26%        N/A       4%          1
 Necrotise                Necr           52%        1d6       4%          1
 Summon Small Mammal      Summ           52%        N/A       4%          1
 Ensorcelled Hibernation  Hex/Ice        76%        N/A       1%          2
 Momentum Strike          Conj/Tloc      84%        3d10      1%          2
 Static Discharge         Conj/Air       100%       2-7/arc   1%          2
 Confusing Touch          Hex            38%        N/A       1%          3
 Dazzling Flash           Conj/Hex       100%       N/A       1%          3
 Ignite Poison            Fire/Tmut/Pois 26%        N/A       1%          3
 Vhi's Electric Charge    Tloc/Air       84%        N/A       1%          3
 Volatile Blastmotes      Fire/Tloc      64%        2d15      1%          3
 Airstrike                Air            32%        2d(5-21)  1%          4
 Flame Wave               Conj/Fire      58%        2d14      1%          4
 Iskenderun's Battlesphe  Conj           64%        2d11      1%          5
 Irradiate                Conj/Tmut      21%        3d18      3%          5
 Petrify                  Tmut/Erth      41%        N/A       4%          4
 Summon Lightning Spire   Summ/Air       42%        N/A       4%          4
 Silence                  Hex/Air        26%        N/A       4%          5
 Blink                    Tloc           26%        N/A       7%          2
 Lesser Beckoning         Tloc           26%        N/A       7%          2
 Olgreb's Toxic Radiance  Pois           13%        N/A       12%         4
 Gell's Gravitas          Tloc           13%        N/A       13%         3
 Spider Form              Tmut/Pois      13%        N/A       13%         3
 Teleport Other           Tloc           13%        N/A       13%         3
 Vampiric Draining        Necr           13%        2d6       13%         3
 Anguish                  Hex/Necr       13%        N/A       16%         4
 Ice Form                 Ice/Tmut       25%        N/A       17%         4
 Summon Ice Beast         Ice/Summ       25%        N/A       17%         4
 Metabolic Englaciation   Hex/Ice        19%        N/A       19%         5
 Manifold Assault         Tloc           13%        N/A       41%         4
 Maxwell's Capacitive Co  Air            32%        ∞         54%         8
 Statue Form              Tmut/Erth      27%        N/A       58%         6
 Lehudib's Crystal Spear  Conj/Erth      31%        10d8      58%         8
 Spellforged Servitor     Conj/Summ      21%        N/A       65%         7
 Agony                    Necr           13%        N/A       77%         5
 Blade Hands              Tmut           6%         N/A       77%         5
 Ignition                 Fire           25%        3d9       96%         8
 Dispersal                Tloc           6%         N/A       100%        6
 Summon Cactus Giant      Summ           6%         N/A       100%        6
 Dragon Form              Tmut           6%         N/A       100%        7
 Discord                  Hex            19%        N/A       100%        8
 Disjunction              Tloc           6%         N/A       100%        8
 Death's Door             Necr           6%         N/A       100%        9


Dungeon Overview and Level Annotations

Branches:
Dungeon (14/15)            Temple (1/1) D:4            Lair (5/5) D:8
 Shoals (0/4) Lair:3        Snake (0/4) Lair:3        Slime (0/5) Lair:4
    Orc (2/2) D:10            Elf (0/3) Orc:2       Gauntlet (visited)
 Vaults: D:13-14

Altars:
Ashenzari
Cheibriados
Dithmenos
Elyvilon
Fedhas
Gozag
Hepliaklqana
Kikubaaqudgha
Makhleb
Nemelex Xobeh
Okawaru
Qazlal
Ru
Sif Muna
Trog
Uskayaw
Vehumet
Wu Jian
Xom
Yredelemnul
Zin
The Shining One
Jiyva

Shops:
D:3 ?   Orc:2 *(*:

Annotations:
D:10 2 transporters
D:13 Rupert


Innate Abilities, Weirdness & Mutations

You can breathe waves of freezing cold which knock back foes.
Your icy white scales are hard. (AC +9)
You cannot fit into any form of body armour.
Your flesh is cold resistant. (rC+)
You are cold-blooded and may be slowed by cold attacks.


Message History

Electricity surges outward!
The brown ugly thing is struck by an electric surge!!
The brown ugly thing is severely wounded.
The brown ugly thing pecks you!
* * * LOW HITPOINT WARNING * * *
The acid corrodes you!
You are splashed with acid!
* * * LOW HITPOINT WARNING * * *
Aiming: Breathe Frost (1% risk of failure)
Press: ? - help, Shift-Dir - straight line, f - brown ugly thing
Aim: a brown ugly thing (severely wounded, 71% to hit)
You exhale a wave of freezing cold.
The freezing breath hits the brown ugly thing!
The brown ugly thing is almost dead.
The brown ugly thing is knocked back by the freezing wind.
The freezing breath misses the brown ugly thing.
You hear a horrible gurgling sound!
Aiming: Paralyse
Press: ? - help, Shift-Dir - straight line, f/p - brown ugly thing
Aim: a brown ugly thing (almost dead, chance to affect: 31%)
Okay, then.
Aiming: Iceblast
Press: ? - help, Shift-Dir - straight line, f/p - brown ugly thing
Aim: a brown ugly thing (almost dead)
The mass of ice explodes!
The iceblast engulfs the brown ugly thing!
The brown ugly thing is almost dead.
You hear a shout! x4
A brown ugly thing comes into view.
The brown ugly thing pecks you.
* * * LOW HITPOINT WARNING * * *
You are splashed with acid!
* * * LOW HITPOINT WARNING * * *
You hear a shout! x3
Okay, then.
You feel better. The brown ugly thing claws you!
* * * LOW HITPOINT WARNING * * *
The acid corrodes you!
You are splashed with acid!
* * * LOW HITPOINT WARNING * * *
The brown ugly thing pecks you!
You die...

....).........#.#
................#
..............#.#
.....###'#......#
.###.# #.#.####.#
.# #.# #......#.#
.# #.# ###.#....#
.# #.#
#.####)########
#....))@u......
######u######..
#.. .... ......
........
.....#####
......#


You could see 2 ugly things.

Vanquished Creatures
  A balrug (Gauntlet)
  An orc warlord (Orc:2)
  A minotaur (Gauntlet)
  4 boulder beetles
  7 hydras
  3 centaur warriors
  3 death yaks (Gauntlet)
  3 two-headed ogres
  A thrashing horror (Gauntlet)
  Sonja (Lair:5)
  Nergalle (Lair:1)
  2 skysharks
  A fire crab (Lair:5)
  2 goliath frogs (Lair:5)
  A necromancer (Gauntlet)
  3 orc knights
  A deep elf pyromancer (D:14)
  An orc sorcerer (Orc:2)
  A lindwurm (Lair:5)
  3 ugly things
  A salamander (Lair:3)
  5 cyclopes
  A manticore (D:11)
  3 elephants (Lair:3)
  5 black mambas
  A gargoyle (D:11)
  An unseen horror (D:12)
  20 cane toads
  2 efreet
  7 komodo dragons
  4 rime drakes
  A polar bear (Lair:4)
  6 trolls
  A tarantella (shapeshifter) (D:14)
  3 meliai (D:14)
  3 tyrant leeches (Lair:5)
  6 dream sheep (Lair:5)
  33 blink frogs
  A snapping turtle (Lair:3)
  Sigmund (D:4)
  A shadow (D:7)
  4 wraiths
  39 yaks
  2 basilisks
  A steam dragon (D:8)
  A chaos spawn (Gauntlet)
  4 wargs
  16 vampire mosquitoes
  3 acid dragons
  2 swamp worms (Gauntlet)
  Duvessa (D:7)
  2 hell hounds (Gauntlet)
  18 water moccasins
  45 orc warriors
  A sky beast (D:7)
  2 ice beasts (D:8)
  2 black bears (D:5)
  4 ogres
  4 wolves
  16 centaurs
  3 phantoms
  A kobold brigand (D:9)
  3 small abominations (Gauntlet)
  15 bullfrogs
  6 necrophages (Lair:3)
  A gnoll sergeant (D:11)
  2 scorpions (D:6)
  Dowan (D:7)
  7 wights
  14 killer bees
  8 howler monkeys
  An electric eel (Lair:3)
  3 lava snakes (Lair:3)
  Crazy Yiuf (D:2)
  16 orc priests
  A gnoll bouda (D:5)
  4 hounds
  4 iguanas (D:5)
  An iron imp (D:7)
  24 orc wizards
  13 gnolls
  12 adders
  3 white imps
  2 ufetubi
  2 worms (D:2)
  2 dart slugs
  78 orcs
  9 endoplasms
  5 giant cockroaches
  4 goblins
  9 hobgoblins
  2 quokkas
  4 ball pythons
  2 bats
  4 frilled lizards
  9 kobolds
  5 rats
  2 butterflies (Lair:1)
  2 foxfires
599 creatures vanquished.

Vanquished Creatures (collateral kills)
  An ice beast (D:6)
  2 foxfires (Lair:5)
3 creatures vanquished.

Vanquished Creatures (others)
  An orc warlord (Orc:2)
  An unseen horror (D:13)
  A centaur (Orc:2)
  499 foxfires
502 creatures vanquished.

Grand Total: 1104 creatures vanquished

Notes
Turn   | Place    | Note
-------+----------+-------------------------------------------
     0 | D:1      | croobank the Draconian Fire Elementalist began the quest
                  | for the Orb.
     0 | D:1      | Reached XP level 1. HP: 14/14 MP: 3/3
   285 | D:1      | Reached XP level 2. HP: 11/20 MP: 0/5
   296 | D:1      | Learned a level 2 spell: Scorch
   669 | D:1      | Reached XP level 3. HP: 18/26 MP: 1/6
   673 | D:1      | Learned a level 3 spell: Inner Flame
  1170 | D:2      | You fall into a shaft and drop 2 floors!
  1170 | D:4      | Found a staircase to the Ecumenical Temple.
  1177 | Temple   | Entered the Ecumenical Temple
  1205 | Temple   | Became a worshipper of Vehumet
  1341 | D:4      | Reached XP level 4. HP: 28/34 MP: 0/7
  1491 | D:4      | Got the Collected Works on the Xenolith and the Catacomb
  1584 | D:3      | Reached skill level 1 in Fighting
  2564 | D:2      | Found a runed translucent door.
  2565 | D:2      | Noticed Crazy Yiuf
  2697 | D:2      | Reached * piety under Vehumet
  2697 | D:2      | Offered knowledge of Shock by Vehumet.
  2698 | D:2      | Reached XP level 5. HP: 40/40 MP: 9/9
  2819 | D:3      | Found Temeih's Magic Scroll Shop.
  2879 | D:3      | Bought a scroll of identify for 26 gold pieces
  2975 | D:3      | Identified the +1 leather armour of Sorcery {Dex+4}
  3478 | D:4      | Found a burning altar of Makhleb.
  3478 | D:4      | Noticed a phantom
  3486 | D:4      | Killed a phantom
  3618 | D:4      | Noticed Sigmund
  3918 | D:4      | Reached XP level 6. HP: 48/48 MP: 10/10
  4073 | D:5      | Entered Level 5 of the Dungeon
  4117 | D:6      | Reached skill level 1 in Long Blades
  4348 | D:5      | Identified the ring of Vytia {*Corrode rElec rPois Str-4
                  | Int+6 Stlth+}
  4457 | D:5      | Reached skill level 1 in Hexes
  4564 | D:5      | Your scales start taking on an icy white colour.
  4564 | D:5      | Reached XP level 7. HP: 55/55 MP: 10/11
  4564 | D:5      | Gained mutation: Your flesh is cold resistant. (rC+) [White
                  | Draconian growth]
  4905 | D:5      | Offered knowledge of Searing Ray by Vehumet.
  4914 | D:5      | Learned a level 2 spell: Searing Ray
  4951 | D:5      | Reached ** piety under Vehumet
  5570 | D:5      | Reached XP level 8. HP: 49/63 MP: 12/13
  6313 | D:6      | Found an iron altar of Okawaru.
  7059 | D:7      | Offered knowledge of Dazzling Flash by Vehumet.
  7172 | D:7      | Learned a level 3 spell: Dazzling Flash
  7333 | D:7      | Noticed Duvessa
  7333 | D:7      | Noticed Dowan
  7346 | D:7      | Killed Duvessa
  7347 | D:7      | Reached XP level 9. HP: 10/71 MP: 3/15
  7355 | D:7      | Killed Dowan
  7754 | D:8      | Found a snail-covered altar of Cheibriados.
  7802 | D:7      | Reached *** piety under Vehumet
  7928 | D:7      | Found an ornate altar of the Wu Jian Council.
  7937 | D:7      | Found a sparkling altar of Nemelex Xobeh.
  8316 | D:7      | Reached skill level 5 in Stealth
  8433 | D:8      | Learned a level 3 spell: Frozen Ramparts
  8610 | D:9      | Noticed a two-headed ogre
  8618 | D:9      | Killed a two-headed ogre
  8619 | D:9      | Reached skill level 5 in Fighting
  8619 | D:9      | Reached skill level 5 in Dodging
  8619 | D:9      | Reached skill level 5 in Spellcasting
  8673 | D:9      | Offered knowledge of Ignite Poison by Vehumet.
  8677 | D:9      | Reached skill level 5 in Conjurations
  8734 | D:9      | Reached skill level 5 in Fire Magic
  8837 | D:9      | Learned a level 3 spell: Ignite Poison
  8922 | D:9      | Reached XP level 10. HP: 68/81 MP: 17/17
  8982 | D:9      | Found a shimmering blue altar of Sif Muna.
  9603 | D:10     | Entered Level 10 of the Dungeon
  9745 | D:10     | Reached **** piety under Vehumet
  9756 | D:10     | Offered knowledge of Arcjolt by Vehumet.
  9962 | D:10     | Learned a level 5 spell: Arcjolt
 10097 | D:10     | Found a transporter.
 10108 | D:10     | Reached skill level 1 in Air Magic
 10213 | D:10     | Found a staircase to the Orcish Mines.
 10429 | D:10     | Found a viscous altar of Jiyva.
 10429 | D:10     | Noticed an eye of devastation
 10456 | D:10     | Found a transporter.
 10576 | D:10     | Identified a scroll of acquirement
 10576 | D:10     | Acquired the +9 staff of Olgreb {rPois∞}
 10576 | D:10     | Found the +9 staff of Olgreb {rPois∞}
 10646 | D:10     | Found a glowing golden altar of the Shining One.
 10674 | D:11     | Noticed a cyclops
 10682 | D:11     | Killed a cyclops
 10762 | D:11     | Found a shadowy altar of Dithmenos.
 11025 | D:11     | Reached skill level 5 in Air Magic
 11318 | D:11     | Noticed a two-headed ogre
 11328 | D:11     | Killed a two-headed ogre
 11346 | D:11     | Identified the ring "Engirroc" {rF+ EV+5 Int+3}
 11394 | D:11     | Noticed a boulder beetle
 11421 | D:11     | Killed a boulder beetle
 11599 | D:11     | Noticed a manticore
 11608 | D:11     | Killed a manticore
 11803 | D:12     | Reached XP level 11. HP: 86/88 MP: 19/19
 11972 | D:12     | Identified the +0 scale mail of Satisfaction {Int+3}
 12271 | D:4      | Killed Sigmund
 12384 | D:2      | Killed Crazy Yiuf
 12627 | D:12     | Noticed a two-headed ogre
 12785 | D:12     | Killed a two-headed ogre
 12786 | D:12     | Reached skill level 10 in Air Magic
 13210 | D:12     | Noticed a white ugly thing
 13221 | D:12     | Killed a white ugly thing
 13734 | D:8      | Found a staircase to the Lair.
 13830 | D:8      | Identified the staff of cold "Fouc" {rC+ Dex+7}
 14027 | D:8      | Found a glowing silver altar of Zin.
 14027 | D:8      | Found an opulent altar of Gozag.
 14223 | D:8      | Found a basalt altar of Yredelemnul.
 14225 | D:8      | Found a stormy altar of Qazlal.
 14226 | D:8      | Found a blossoming altar of Fedhas.
 14237 | D:8      | Found a broken altar of Ashenzari.
 14258 | D:8      | Found a bloodstained altar of Trog.
 14262 | D:8      | Found a white marble altar of Elyvilon.
 14263 | D:8      | Found a hazy altar of Hepliaklqana.
 14342 | Lair:1   | Entered Level 1 of the Lair of Beasts
 14420 | Lair:1   | Reached skill level 1 in Ice Magic
 14427 | Lair:1   | Reached skill level 5 in Long Blades
 14481 | Lair:1   | Reached ***** piety under Vehumet
 14660 | Lair:1   | Offered knowledge of Iron Shot by Vehumet.
 15037 | Lair:1   | Reached XP level 12. HP: 86/96 MP: 16/20
 15277 | Lair:1   | Noticed Nergalle
 15285 | Lair:1   | Killed Nergalle
 16225 | Lair:2   | Learned a level 6 spell: Iron Shot
 16234 | Lair:2   | Reached skill level 1 in Earth Magic
 16593 | Lair:2   | Noticed a seven-headed hydra
 16600 | Lair:2   | Killed a seven-headed hydra
 16619 | Lair:2   | Noticed a boulder beetle
 16623 | Lair:2   | Noticed a four-headed hydra
 16626 | Lair:2   | Killed a boulder beetle
 16627 | Lair:2   | Reached skill level 5 in Earth Magic
 16627 | Lair:2   | Killed a four-headed hydra
 16708 | Lair:2   | Noticed a four-headed hydra
 16712 | Lair:2   | Killed a four-headed hydra
 17023 | Lair:3   | Found a gate leading to a gauntlet.
 17034 | Gauntlet | Entered a Gauntlet
 17034 | Gauntlet | Found a transporter.
 17038 | Gauntlet | Found a transporter.
 17042 | Gauntlet | Found a transporter.
 17065 | Gauntlet | Found a transporter.
 17077 | Gauntlet | Found a transporter.
 17077 | Gauntlet | Found a transporter.
 17078 | Gauntlet | Found a transporter.
 17083 | Gauntlet | Noticed a balrug
 17087 | Gauntlet | Found a transporter.
 17089 | Gauntlet | Found a transporter.
 17090 | Gauntlet | Found a transporter.
 17093 | Gauntlet | Noticed a death yak
 17094 | Gauntlet | Noticed a death yak
 17095 | Gauntlet | Noticed a death yak
 17096 | Gauntlet | Found a runed translucent gate.
 17096 | Gauntlet | Found a runed translucent gate.
 17096 | Gauntlet | Found a runed translucent gate.
 17098 | Gauntlet | Found a transporter.
 17101 | Gauntlet | Found a transporter.
 17102 | Gauntlet | Found a transporter.
 17110 | Gauntlet | Found a transporter.
 17296 | Gauntlet | Killed a balrug
 17538 | Gauntlet | Identified the ring "Ishruck" {rCorr Int+2}
 17554 | Gauntlet | Identified the +1 pair of boots of the Divine God {Contam
                  | rPois Str+2 Dex+4}
 17564 | Gauntlet | Killed a death yak
 17567 | Gauntlet | Killed a death yak
 17571 | Gauntlet | Killed a death yak
 17956 | Gauntlet | Noticed a minotaur
 17977 | Gauntlet | Killed a minotaur
 17978 | Gauntlet | Reached XP level 13. HP: 33/103 MP: 7/21
 18202 | Gauntlet | Identified the +2 pair of gloves of Edyh Qey {rPois Str+2
                  | Dex+3}
 18443 | Lair:3   | Reached skill level 10 in Earth Magic
 18985 | Lair:3   | Found a staircase to the Snake Pit.
 18990 | Lair:3   | Offered knowledge of Fulminant Prism by Vehumet.
 19794 | Lair:3   | Found a staircase to the Shoals.
 20375 | Lair:4   | Found a viscous altar of Jiyva.
 20375 | Lair:4   | Found a staircase to the Slime Pits.
 21573 | Lair:5   | Entered Level 5 of the Lair of Beasts
 22267 | Lair:5   | Reached XP level 14. HP: 111/111 MP: 26/26
 22295 | Lair:5   | Learned a level 4 spell: Fulminant Prism
 22950 | Lair:5   | Offered knowledge of Starburst by Vehumet.
 23208 | Lair:5   | Reached skill level 10 in Conjurations
 23509 | Lair:5   | Noticed Sonja
 23519 | Lair:5   | Killed Sonja
 23911 | Orc:1    | Entered Level 1 of the Orcish Mines
 24207 | Orc:2    | Entered Level 2 of the Orcish Mines
 24207 | Orc:2    | Noticed an orc warlord
 24207 | Orc:2    | Noticed an orc warlord
 24215 | Orc:2    | Killed an orc warlord
 24216 | Orc:2    | Killed an orc warlord
 25444 | Orc:2    | Offered knowledge of Ozocubu's Refrigeration by Vehumet.
 25506 | Orc:2    | Found a staircase to the Elven Halls.
 25759 | Orc:2    | Reached skill level 10 in Spellcasting
 26242 | Orc:2    | Found Eguuk's Antique Weapon Boutique.
 26242 | Orc:2    | Found Boiwaps's Assorted Antiques.
 26244 | Orc:2    | Found Fiophaes's Book Shoppe.
 26246 | Orc:2    | Found Qewko's General Store.
 26251 | Orc:2    | Bought a scroll of teleportation for 96 gold pieces
 26251 | Orc:2    | Bought a potion of berserk rage for 160 gold pieces
 26251 | Orc:2    | Bought a potion of curing for 96 gold pieces
 26254 | Orc:2    | Bought a scroll of magic mapping for 90 gold pieces
 26267 | Orc:2    | Learned a level 7 spell: Ozocubu's Refrigeration
 26566 | D:13     | Noticed Rupert
 27472 | D:14     | Reached XP level 15. HP: 55/123 MP: 10/29
 27478 | D:14     | Slain by a brown ugly thing

Illustrated notes

Levels and vault maps discovered:
D:1:      lightli_arrival_isolated_outpost, layout_basic
D:2:      layout_basic, uniq_crazy_yiuf_cottage
D:3:      layout_basic, serial_shops, shop
D:4:      layout_loops_ring, general_overflow_altar, minmay_temple_entry_waves,
          uniq_sigmund
D:5:      layout_loops_ring, nicolae_half_adder
D:6:      nicolae_BIG_FREAKIN_CUBE, layout_layer_cave, lemuel_crystal_altar
D:7:      layout_basic, grunt_temple_overflow_open,
          chequers_serial_rivers_large_a, kennysheep_generic_room_11,
          uniq_duvessa
D:8:      layout_basic, grunt_temple_overflow_gold_and_silver, slow_altar_1,
          nicolae_overflow_hallway_of_the_gods, minmay_misc_feat_encased
D:9:      layout_loops_cross, marbit_many_paths
D:10:     gammafunk_jiyva_shrine, layout_basic, tso_oasis_becter, orc_0_dummy
D:11:     layout_roguey, nicolae_dithmenos_the_darkroom
D:12:     layout_small_grid
D:13:     minmay_the_grid_triangle_9x9_recursive_3_mashed
          [minmay_the_grid_triangle_9x9_sparse_checkered,
          minmay_the_grid_triangle_9x9_sprig,
          minmay_the_grid_triangle_9x9_cache,
          minmay_the_grid_triangle_9x9_prize_schism,
          minmay_the_grid_triangle_9x9_corrupted_corridor,
          minmay_the_grid_triangle_9x9_zippers_vertical,
          minmay_the_grid_triangle_9x9_pentomino_pain,
          minmay_the_grid_triangle_9x9_flanged_cone,
          minmay_the_grid_triangle_9x9_descending_squares], layout_cave_pods,
          uniq_rupert
D:14:     layout_basic, grunt_vaults_entry_tiered, serial_shops, shop, shop,
          nicolae_stop_n_shop_2, grunt_decor_resistance, minmay_misc_feat_alley
Temple:   nicolae_temple_ecumenical_triangle
Lair:1:   layout_cave_pods, lemuel_fruit_fields, uniq_nergalle
Lair:2:   layout_gridlike, nzn_random_ring
Lair:3:   layout_loops_ring, minmay_shoals_entry_hut,
          nicolae_snake_entry_warm_welcome, gauntlet_entry_generic,
          roderic_carrion_pond, serial_bayou_shore_a, serial_bayou_shore_b
Lair:4:   layout_layer_cave, slime_entry_1, infiniplex_staircase_pool
Lair:5:   minmay_lair_end_frog_pond, layout_regular_city, patterned_corridor,
          uniq_sonja
Orc:1:    layout_caves, lemuel_statue_altar
Orc:2:    st_orc_rangers, layout_caves

Skill      XL: |  1  2  3  4  5  6  7  8  9 10 11 12 13 14 |
---------------+-------------------------------------------+-----
Stealth        | 2 3 4 5 |  5.6
Dodging        | 2 3 4 5 |  5.3
Fighting       | 1 2 3 4 5 6 8 |  8.8
Conjurations   | 2 3 4 5 9 11 | 11.1
Long Blades    | 1 2 3 4 5 |  5.5
Spellcasting   | 3 4 5 8 10 | 10.4
Fire Magic     | 3 4 5 7 |  7.3
Hexes          | 1 2 3 4 |  4.8
Air Magic      | 8 11 | 11.2
Ice Magic      | 3 4 |  4.5
Earth Magic    | 9 10 | 10.8

Action                     |  1- 3 |  4- 6 |  7- 9 | 10-12 | 13-15 || total
---------------------------+-------+-------+-------+-------+-------++-------
  Melee: Dagger            |    21 |    23 |     1 |       |       ||    45
         Tailslap          |     2 |     1 |     3 |    13 |    28 ||    47
         Scimitar          |       |    32 |    44 |    86 |     4 ||   166
         Punch             |       |     1 |       |       |       ||     1
         Short sword       |       |       |       |     5 |    13 ||    18
         Demon whip        |       |       |       |     8 |    95 ||   103
         Staff             |       |       |       |       |    56 ||    56
   Cast: Foxfire           |    35 |    26 |    59 |    44 |   127 ||   291
         Scorch            |    11 |    44 |    60 |   169 |    96 ||   380
         Searing Ray       |       |       |    21 |    10 |       ||    31
         Dazzling Flash    |       |       |     4 |     1 |       ||     5
         Frozen Ramparts   |       |       |     3 |    10 |     4 ||    17
         Arcjolt           |       |       |       |    73 |   207 ||   280
         Inner Flame       |       |       |       |     3 |       ||     3
         Iron Shot         |       |       |       |     1 |     4 ||     5
Ability: Breathe Frost     |       |       |    21 |    34 |    20 ||    75
  Evoke: Wand              |       |       |       |     9 |     4 ||    13
         Piece from Xom's  |       |       |       |       |     2 ||     2
    Use: Potion            |     1 |       |     1 |    10 |     3 ||    15
         Scroll            |     1 |    13 |     8 |    18 |     9 ||    49
   Stab: Sleeping          |     1 |     5 |     1 |     6 |     4 ||    17
         Distracted        |       |     1 |       |       |       ||     1
         Paralysed         |       |       |       |       |     1 ||     1
 Armour: Skin              |     6 |    24 |    70 |   100 |   156 ||   356
  Dodge: Dodged            |    21 |    53 |    94 |   209 |   458 ||   835
  Block: Other             |       |       |       |       |    93 ||    93
         Reflection        |       |       |       |       |    21 ||    21
